AoeStats
← s1R1Us

Arena

509850807Analyzed
4v4 RM · 4d ago on Sep 28, 2026· 42m 27s· 8 players
Game mode
Random Map
Map size
Large (8 player)
Population
200
Speed
Normal
Resources
Standard
Victory
Conquest
Starting age
Dark Age
Ending age
Imperial Age
RankedLock teamsTeams togetherTeam positionsShared explorationLock speedFull tech treeHidden civsTurbo modeCheats
Victory
Defeat
🇹🇼 Japanese · Taiwan
942
+6
🇨🇳 Byzantines · China
898
+7
🇪🇸 Goths · Spain
843
+8
🇹🇷 Danes · Türkiye
397
+24
🇻🇳 Slavs · Vietnam
716
-14
🇲🇽 Mongols · Mexico
686
-29
🇮🇳 Turks · India
629
-10
🇦🇺 Huns · Australia
592
-9
s1R1Us
11:33 Feudal Age
13:24 Double-Bit Axe
17:37 Stone Mining
17:40 Gold Mining
20:30 Castle Age
18:28 Horse Collar
24:51 Gold Shaft Mining
24:41 Bow Saw
28:14 Wheelbarrow
28:12 Caravan
31:42 Imperial Age
31:02 Thumb Ring
30:51 Fletching
31:47 Bodkin Arrow
34:25 Conscription
34:06 Artillery
36:15 Two-Man Saw
35:22 Bracer
37:03 Ballistics
gWAT
7:43 Loom
10:26 Feudal Age
17:40 Castle Age
16:13 Stone Mining
16:42 Double-Bit Axe
17:00 Horse Collar
17:37 Gold Mining
20:14 Crossbowman
21:12 Fletching
21:23 Padded Archer Armor
23:58 Bow Saw
24:59 Bodkin Arrow
38:46 Imperial Age
raging tom
2:50 Loom
13:03 Feudal Age
14:49 Wheelbarrow
14:49 Horse Collar
15:06 Double-Bit Axe
15:21 Stone Mining
15:23 Gold Mining
19:00 Castle Age
20:18 Bow Saw
21:00 Hand Cart
30:49 Imperial Age
28:08 Town Watch
32:01 Scale Barding Armor
32:07 Forging
32:04 Town Patrol
34:06 Chain Barding Armor
34:21 Iron Casting
33:52 Marauders
34:14 Conscription
33:16 Elite Tarkan
37:44 Ballistics
37:20 Murder Holes
39:43 Plate Barding Armor
40:09 Blast Furnace
39:12 Padded Archer Armor
39:42 Parthian Tactics
41:05 Heavy Cavalry Archer
TWT
1:22 Loom
10:38 Feudal Age
13:00 Double-Bit Axe
13:15 Horse Collar
14:47 Wheelbarrow
18:58 Castle Age
17:47 Stone Mining
18:20 Gold Mining
27:00 Fletching
jason916802
10:55 Feudal Age
17:51 Castle Age
15:45 Double-Bit Axe
16:08 Horse Collar
16:38 Stone Mining
17:09 Gold Mining
18:24 Loom
19:24 Bow Saw
19:36 Heavy Plow
24:39 Fletching
24:49 Padded Archer Armor
26:20 Scale Mail Armor
28:22 Forging
30:44 Chain Mail Armor
31:43 Gold Shaft Mining
32:12 Iron Casting
31:42 Pikeman
32:23 Squires
32:41 Arson
33:58 Gambesons
39:09 Imperial Age
37:18 Wheelbarrow
40:26 Capped Ram
40:50 Elite Samurai
41:52 Conscription
Kevin
0:32 Loom
0:35 Loom
12:16 Feudal Age
16:21 Castle Age
14:51 Double-Bit Axe
14:48 Horse Collar
21:39 Heavy Plow
22:51 Bow Saw
25:12 Wheelbarrow
25:35 Fletching
25:45 Padded Archer Armor
25:56 Forging
26:49 Scale Mail Armor
27:04 Fortified Wall
28:13 Stone Mining
28:20 Gold Mining
29:01 Ballistics
28:06 Pikeman
28:46 Squires
30:09 Stone Shaft Mining
30:10 Gold Shaft Mining
31:00 Bodkin Arrow
31:20 Chain Mail Armor
31:40 Iron Casting
31:21 Leather Archer Armor
30:33 Crossbowman
31:18 Thumb Ring
31:43 Hand Cart
34:47 Scale Barding Armor
34:43 Murder Holes
37:29 Imperial Age
36:10 Chain Barding Armor
36:38 Husbandry
39:10 Chemistry
38:14 Bracer
38:44 Plate Mail Armor
38:47 Ring Archer Armor
38:15 Arbalester
38:22 Halberdier
39:46 Conscription
40:06 Conscription
40:21 Hoardings
43:13 Two-Man Saw
42:44 Crop Rotation
gabrissss
8:40 Loom
11:33 Feudal Age
16:13 Castle Age
14:49 Stone Mining
14:49 Man-at-Arms
15:36 Double-Bit Axe
15:53 Horse Collar
20:56 Scale Mail Armor
21:11 Forging
29:04 Iron Casting
28:44 Chain Mail Armor
李靖
10:31 Feudal Age
12:07 Loom
14:44 Castle Age
14:44 Double-Bit Axe
22:02 Bow Saw
26:05 Gold Mining
26:05 Stone Mining
26:05 Gold Mining
26:05 Stone Mining
26:06 Gold Mining
26:06 Stone Mining
27:08 Wheelbarrow
26:19 Town Watch
28:57 Forging
28:48 Scale Mail Armor
32:23 Imperial Age
30:14 Hand Cart
30:00 Town Patrol
29:47 Hamask
32:42 Stone Shaft Mining
32:42 Gold Shaft Mining
32:53 Iron Casting
32:34 Chain Mail Armor
33:23 Capped Ram
34:28 Conscription
35:16 Blast Furnace
34:02 Elite Jomsviking
34:46 Siege Ram
37:11 Chemistry
36:33 Heavy Scorpion
37:32 Masonry
37:18 Murder Holes
40:01 Plate Mail Armor
38:56 Onager
41:18 Horse Collar
41:56 Scale Barding Armor
41:41 Fletching
41:52 Padded Archer Armor
42:14 Ballistics
42:09 Heavy Plow
43:25 Hoardings
Connection lost

Rejoining the realm…

Still unreachable

The connection could not be restored.

Session expired

The server has moved on; the page needs a fresh start.